cohdb
Replays
Latest Replays
All Replays
Popular Replays
Top Player Replays
Match Explorer
How It Works
Community
CoH3 Stats
Reddit
Sign in to upload your games and track your stats! →
Sign in with Steam
Match 32321350
Unlisted
Match 32321350
Overview
Messages
Build Orders
End
Construct Barracks
1⁄4-ton 4x4 Truck
Selects Armored Battlegroup
Selects Veteran Crews
Riflemen Squad
Riflemen Squad
Riflemen Squad
Engineer Squad
Construct Weapon Support Center
Air Support Center
Bazooka Squad
Selects Strength in Steel
M3 Armored Personnel Carrier
P-47 Strafing Run
M1918 Browning Automatic Rifles
Air Supply
Grenade Package
P-47 Strafing Run
Bazooka Squad
Riflemen Squad
P-47 Strafing Run
Construct Tank Depot
Double Sortie
P-47 Strafing Run
Grasshopper Recon Run
P-47 Dive Bomb
Selects Seek and Destroy
Selects UNKNOWN (2160077)
M4A3E8 Sherman Easy Eight
Grasshopper Recon Run
P-47 Strafing Run
P-47 Dive Bomb
M4A3E8 Sherman Easy Eight
Engineer Squad
Profess0r_L
카츄사
冥雨
PubStormer
素足で正座しながらオ〇二ーするゲーマ
Masang
CleanAffect
gooood
0
0
Comments
sign in to comment!
No comments posted yet!